AoeStats
← Tobi97

Arena

508065364Analyzed
2v2 RM · 13d ago on Sep 20, 2026· 27m 40s· 4 players
Game mode
Random Map
Map size
Medium (4 player)
Population
200
Speed
Normal
Resources
Standard
Victory
Conquest
Starting age
Dark Age
Ending age
Imperial Age
RankedLock teamsTeams togetherTeam positionsShared explorationLock speedFull tech treeHidden civsTurbo modeCheats
Victory
Defeat
🇻🇪 Ethiopians · Venezuela
1013
+15
🇻🇪 Bulgarians · Venezuela
989
+16
🇩🇪 Vietnamese · Germany
1008
-15
🇩🇪 Franks · Germany
991
-35
Tobi97
9:26 Feudal Age
9:52 Double-Bit Axe
13:29 Horse Collar
20:41 Castle Age
20:57 Crossbowman
21:45 Thumb Ring
21:42 Padded Archer Armor
21:32 Fletching
23:00 Bow Saw
22:53 Heavy Plow
24:26 Gold Mining
25:31 Leather Archer Armor
Chrismann
10:21 Feudal Age
11:56 Wheelbarrow
11:13 Double-Bit Axe
11:25 Gold Mining
20:40 Castle Age
20:46 Forging
20:42 Scale Barding Armor
20:42 Fletching
21:46 Hand Cart
Pixipie3
7:59 Loom
11:36 Feudal Age
20:17 Castle Age
18:22 Double-Bit Axe
22:42 Scale Barding Armor
23:23 Forging
23:16 Horse Collar
23:28 Gold Mining
25:15 Wheelbarrow
SuitAlarm
9:25 Loom
11:39 Feudal Age
15:29 Castle Age
13:49 Double-Bit Axe
16:45 Forging
16:36 Scale Mail Armor
18:48 Iron Casting
18:28 Chain Mail Armor
Connection lost

Rejoining the realm…

Still unreachable

The connection could not be restored.

Session expired

The server has moved on; the page needs a fresh start.